 Dungeon Crawl Stone Soup version 0.28.0-49-g6dfe1f597d (webtiles) character file.

Game seed: 9425558708215772874

3572 safid the Severer (level 10, -16/84 HPs)
             Began as a Hill Orc Fighter on May 13, 2022.
             Was a Follower of Beogh.
             Demolished by Grum
             ... wielding a +1 glaive
              (19 damage)
             ... on level 8 of the Dungeon.
             The game lasted 00:18:11 (9833 turns).

safid the Severer (Hill Orc Fighter)                Turns: 9833, Time: 00:18:12

Health: -16/84     AC: 15    Str: 30    XL:     10   Next: 9%
Magic:  10/10      EV:  7    Int:  8    God:    Beogh [*.....]
Gold:   431        SH:  4    Dex: 10    Spells: 9/9 levels left

rFire   . . .      SeeInvis .   a - +0 war axe
rCold   . . .      Faith    .   c - +0 buckler
rNeg    . . .      Spirit   .   l - +0 plate armour
rPois   .          Reflect  .   g - +0 helmet
rElec   .          Harm     .   (no cloak)
rCorr   .          Rampage  .   t - +0 pair of gloves
Will    .....      Clarity  +   (no boots)
Stlth   ..........              (no amulet)
HPRegen 0.24/turn               d - +6 ring of strength
MPRegen 0.12/turn               (no ring)

@: no status effects
A: clarity
a: Renounce Religion


You were on level 8 of the Dungeon.
You worshipped Beogh.
Beogh was aware of your devotion.
You visited 1 branch of the dungeon, and saw 8 of its levels.
You also visited: Sewer.

You collected 431 gold pieces.

Inventory:

Hand Weapons
 a - a +0 war axe (weapon)
Missiles
 i - 6 poisoned darts (quivered)
 p - 6 curare-tipped darts
Armour
 c - a +0 buckler (worn)
 g - a +0 helmet (worn)
 l - a +0 plate armour (worn)
 t - a +0 pair of gloves (worn)
Jewellery
 b - an amulet of faith
 d - a +6 ring of strength (left hand)
Wands
 m - a wand of iceblast (13)
Scrolls
 e - 3 scrolls of fear
 f - 3 scrolls of identify
 j - a scroll of immolation {unknown}
 k - 3 scrolls of teleportation
 n - 2 scrolls of blinking
 r - a scroll of enchant weapon
 s - a scroll of vulnerability
 u - 2 scrolls of fog
Potions
 h - a potion of mutation
 o - a potion of ambrosia
 q - a potion of brilliance


   Skills:
 + Level 6.4 Fighting
 - Level 16.0 Axes
 + Level 6.1 Armour
 - Level 4.0 Shields


You had 9 spell levels left.
You didn't know any spells.
Your spell library contained the following spells:

 Spells                   Type           Power      Damage    Failure   Level
 Animate Skeleton         Necr           0%         N/A       99%         1
 Beastly Appendage        Tmut           0%         N/A       99%         1
 Pain                     Necr           0%         1d4       99%         1
 Wereblood                Tmut           0%         N/A       100%        2
 Inner Flame              Hex/Fire       0%         N/A       100%        3
 Spider Form              Tmut/Pois      0%         N/A       100%        3
 Vampiric Draining        Necr           0%         2d6       100%        3
 Cause Fear               Hex            0%         N/A       100%        4
 Discord                  Hex            0%         N/A       100%        8


Dungeon Overview and Level Annotations

Branches:
Dungeon (8/15)             Temple (0/1) D:5           Sewer (visited)
   Lair: D:8-11

Altars:
Ashenzari
Gozag
Hepliaklqana
Kikubaaqudgha
Nemelex Xobeh
Vehumet

Annotations:
D:8 Grum


Innate Abilities, Weirdness & Mutations

You possess an exceptional clarity of mind.


Message History

The wolf stops to sniff the ground.
The wolf barely misses you. You block Grum's attack.
The wolf bites you but does no damage. x2; The wolf bites you!
You closely miss the wolf.
The wolf is severely wounded.
You closely miss the wolf. You slash the wolf! You block the wolf's attack.
The wolf bites you but does no damage. You block Grum's attack.
The wolf bites you.
You slash the wolf!
You kill the wolf!
Beogh accepts your kill.
You hit the wolf. You barely miss the wolf.
The wolf bites you but does no damage. x2
Grum hits you from afar with a +1 glaive!
You block the wolf's attack.
You slice the wolf!!
You kill the wolf!
Beogh accepts your kill.
You closely miss the wolf. The wolf bites you but does no damage.
You block the wolf's attack. Grum barely misses you.
Your Armour skill increases to level 6!
You closely miss the wolf.
The wolf is lightly wounded.
The wolf bites you.
You barely miss the wolf.
The wolf is lightly wounded.
The wolf bites you but does no damage. Grum closely misses you.
You barely miss the wolf.
The wolf is lightly wounded.
The wolf bites you but does no damage.
Grum hits you from afar with a +1 glaive!!
* * * LOW HITPOINT WARNING * * *
The wolf bites you!
* * * LOW HITPOINT WARNING * * *
The wolf bites you!
* * * LOW HITPOINT WARNING * * *
There is a stone staircase leading up here.
You block the wolf's attack.
Grum hits you from afar with a +1 glaive!!
You die...

..........
.........#
.........#
#........#
#........###
#..........
#......†.#
.........#
#....(gh@#
#.########


You could see Grum and a wolf.

Vanquished Creatures
  Pikel (D:7)
  A steam dragon (D:7)
  2 orc warriors (D:6)
  A water moccasin (D:6)
  2 sky beasts
  Pargi (Sewer)
  3 ogres
  3 wolves (D:8)
  A phantom (D:7)
  2 lemures (D:7)
  A kobold brigand (Sewer)
  2 scorpions
  A gnoll sergeant (D:7)
  2 wyvern skeletons
  2 water moccasin skeletons (D:5)
  11 wights (D:7)
  2 howler monkeys
  A jelly (D:4)
  A centaur skeleton (D:7)
  2 gnoll shamans
  2 hounds
  A bullfrog skeleton (D:5)
  Jessica (D:3)
  5 iguanas
  3 orc wizards
  A killer bee zombie (D:6)
  A hound zombie (D:5)
  A hound skeleton (D:5)
  19 gnolls
  9 adders
  A shadow imp (D:7)
  3 white imps
  3 dart slugs
  20 orcs
  8 ball pythons
  5 bats
  11 endoplasms
  3 giant cockroaches
  7 goblins
  7 hobgoblins
  3 jackals (D:4)
  7 quokkas
  6 frilled lizards
  16 kobolds
  10 rats
195 creatures vanquished.

Vanquished Creatures (others)
  2 plants (D:4)
2 creatures vanquished.

Grand Total: 197 creatures vanquished

Notes
Turn   | Place    | Note
-------+----------+-------------------------------------------
     0 | D:1      | safid the Hill Orc Fighter began the quest for the Orb.
     0 | D:1      | Reached XP level 1. HP: 19/19 MP: 1/1
   205 | D:1      | Reached skill level 3 in Axes
   205 | D:1      | Reached XP level 2. HP: 24/27 MP: 2/2
   625 | D:1      | You fall into a shaft and drop 1 floor!
   629 | D:2      | Reached XP level 3. HP: 30/33 MP: 3/3
   863 | D:2      | Reached XP level 4. HP: 38/40 MP: 4/4
   957 | D:1      | Reached skill level 4 in Axes
  1659 | D:2      | Found a faded altar of an unknown god.
  1855 | D:3      | Noticed Jessica
  1867 | D:3      | Killed Jessica
  1868 | D:3      | Reached skill level 5 in Axes
  1868 | D:3      | Reached XP level 5. HP: 42/46 MP: 5/5
  2011 | D:3      | Found a glowing drain.
  2027 | Sewer    | Entered a sewer
  2161 | Sewer    | Noticed Pargi
  2173 | Sewer    | Killed Pargi
  2174 | Sewer    | Reached skill level 7 in Axes
  2174 | Sewer    | Reached XP level 6. HP: 30/52 MP: 6/6
  2809 | D:3      | Found a radiant altar of Vehumet.
  3336 | D:4      | Reached skill level 8 in Axes
  3477 | D:4      | Found a broken altar of Ashenzari.
  3496 | D:4      | Reached XP level 7. HP: 56/59 MP: 7/7
  3778 | D:4      | Reached skill level 9 in Axes
  4139 | D:4      | Found an ancient bone altar of Kikubaaqudgha.
  4699 | D:5      | Entered Level 5 of the Dungeon
  4762 | D:5      | Reached skill level 10 in Axes
  4878 | D:5      | Reached skill level 11 in Axes
  4878 | D:5      | Reached XP level 8. HP: 56/66 MP: 8/8
  5151 | D:5      | Found a sparkling altar of Nemelex Xobeh.
  5359 | D:5      | Reached skill level 12 in Axes
  5511 | D:5      | Gained mutation: You possess an exceptional clarity of
                  | mind. [potion of mutation]
  5645 | D:5      | HP: 4/99 [poisoned by a scorpion]
  6396 | D:5      | Found a staircase to the Ecumenical Temple.
  6522 | D:6      | Reached skill level 13 in Axes
  7453 | D:6      | Became a worshipper of Beogh the Brigand
  7457 | D:6      | Reached XP level 9. HP: 70/71 MP: 9/9
  7536 | D:6      | Found an opulent altar of Gozag.
  7545 | D:6      | Reached skill level 14 in Axes
  8426 | D:7      | Reached skill level 15 in Axes
  8816 | D:7      | Reached * piety under Beogh
  9068 | D:7      | Noticed Pikel
  9085 | D:7      | Killed Pikel
  9086 | D:7      | Reached skill level 16 in Axes
  9086 | D:7      | Reached skill level 5 in Fighting
  9086 | D:7      | Reached skill level 5 in Armour
  9581 | D:7      | Reached XP level 10. HP: 82/82 MP: 10/10
  9702 | D:7      | Found a hazy altar of Hepliaklqana.
  9818 | D:8      | Noticed Grum
  9832 | D:8      | HP: 3/84 [wolf[Grum] (7)]
  9833 | D:8      | Demolished by Grum

Illustrated notes

Levels and vault maps discovered:
D:1:      shiori_arrival_maze, layout_basic, minivault_26
D:2:      layout_basic, hellmonk_ecumenical_altar_crossroads
D:3:      layout_basic, old_standard_altar, portal_sewer_entry_d, uniq_jessica
D:4:      corexii_shack_village, layout_loops_ring,
          mainiacjoe_overflow_surrounded_room, amcnicky_altar_gilded
D:5:      kennysheep_spiral_hall, layout_loops_ring, nemelex_dance_club_becter,
          minmay_temple_entry_antechambers
D:6:      layout_layer_cave, nicolae_gozag_seed_capital,
          hangedman_decor_opposing, kennysheep_small_circle
D:7:      layout_loops_cross, nzn_hepliaklqana_mist_gate, sigmund_army,
          uniq_pikel
D:8:      layout_rooms, lemuel_tele_altar, uniq_grum

Skill      XL: |  1  2  3  4  5  6  7  8  9 10 |
---------------+-------------------------------+-----
Axes           | 3 5 7 8 11 13 16 | 16.0
Fighting       | 4 5 6 |  6.4
Armour         | 4 5 6 |  6.1
Shields        | 4 |  4.0

Action                   |  1- 3 |  4- 6 |  7- 9 | 10-12 || total
-------------------------+-------+-------+-------+-------++-------
Melee: War axe           |    57 |   226 |   363 |    21 ||   667
Throw: Dart              |     1 |     6 |     6 |       ||    13
Invok: Convert to Beogh  |       |       |     1 |       ||     1
  Use: Potion            |       |     1 |     6 |       ||     7
       Scroll            |       |       |     9 |       ||     9
Armor: Scale mail        |    22 |   105 |    88 |       ||   215
       Skin              |       |       |     3 |       ||     3
       Plate armour      |       |       |    44 |    23 ||    67
Dodge: Dodged            |    25 |    96 |   144 |    11 ||   276
Block: Buckler           |    19 |    65 |    68 |    10 ||   162
